 Dungeon Crawl Stone Soup version 0.22-a0-268-g1cc83efe17 (webtiles) character file.

0 Manul the Ducker (level 1, -7/11 HPs)
             Began as a Spriggan Abyssal Knight on Mar 9, 2018.
             Was a Follower of Lugonu.
             Killed by divine providence
             ... invoked by a smoke demon
              (14 damage)
             ... on level 2 of the Abyss.
             The game lasted 00:01:38 (399 turns).

Manul the Ducker (Spriggan Abyssal Knight)           Turns: 399, Time: 00:01:38

Health: -7/11      AC:  2    Str:  8      XL:     1   Next: 0%
Magic:  3/3        EV: 18    Int: 12 (13) God:    Lugonu [*.....]
Gold:   94         SH:  0    Dex: 15      Spells: 0/0 levels left

rFire    . . .     SeeInvis +   a - +1 short sword
rCold    . . .     Gourm    .   (shield restricted)
rNeg     . . .     Faith    .   b - +0 robe
rPois    .         Spirit   .   (helmet restricted)
rElec    .         Reflect  .   (no cloak)
rCorr    .         Harm     .   (gloves unavailable)
MR       .....                  (boots unavailable)
Stlth    +.........             (no amulet)
HPRegen  0.03/turn              (no ring)
MPRegen  0.08/turn              (no ring)

@: very quick
A: very small, unfitting armour, see invisible, herbivore, speed 3, slow
metabolism 2
a: Depart the Abyss, Renounce Religion


You were on level 2 of the Abyss.
You worshipped Lugonu.
Lugonu was aware of your devotion.
You were not hungry.

You visited 0 branches of the dungeon, and saw 0 of its levels.
You visited the Abyss 1 time.

You collected 94 gold pieces.

Inventory:

Hand Weapons
 a - a +1 short sword (weapon)
Armour
 b - a +0 robe (worn)
Wands
 e - a wand of enslavement (12)
Potions
 d - a potion of agility {unknown}
 f - a potion of berserk rage {unknown}
Comestibles
 c - a ration


   Skills:
 + Level 2.4 Fighting
 + Level 2.1 Short Blades
 + Level 3.5 Dodging
 + Level 1.7 Invocations


You couldn't memorise any spells.
You didn't know any spells.

Dungeon Overview and Level Annotations

Branches:
Dungeon (0/15)

Altars:


Innate Abilities, Weirdness & Mutations

You are very small and have problems with some larger weapons.
You are too small for most types of armour.
You have supernaturally acute eyesight. (SInv)
You are a herbivore.
You cover ground extremely quickly.
You need to consume almost no food.


Message History

Found a runed hand crossbow.
As you read the scroll labeled IWYCIT DALUQIH, it crumbles to dust.
It is a scroll of amnesia.
You feel forgetful for a moment.
You see here a runed hand crossbow.
A hell hound comes into view.
A quasit comes into view.
A bone dragon and a large abomination come into view.
Found 45 gold pieces.
You see here 45 gold pieces.
You now have 94 gold pieces (gained 45).
A smoke demon comes into view.
The smoke demon roars!
The smoke demon hits you. The smoke demon completely misses you.
The smoke demon misses you.
Found a chain mail.
The smoke demon gestures at you. Something smites you!
Ouch! That really hurt!
You die...

##. .#. #[.
..# . .#
..##.. .# .#
.....#... .#
##...... #.
#.....
###.##...#
##......@.##
#.......#..#
#..#.#..#..#.#
# ##...#...#
...###.3.#.##
.#.......###
.....#.D#..#
...##...####
#. #.#.#5..#


You could see a bone dragon and a smoke demon.

Vanquished Creatures (others)
  4 starspawn tentacles (Abyss:1)
4 creatures vanquished.

Notes
Turn   | Place    | Note
-------+----------+-------------------------------------------
     0 | Abyss:1  | Manul the Spriggan Abyssal Knight began the quest for the Orb.
     0 | Abyss:1  | Reached XP level 1. HP: 11/11 MP: 3/3
     8 | Abyss:1  | Found a corrupted altar of Lugonu.
    55 | Abyss:1  | Noticed a tentacled starspawn
    58 | Abyss:1  | Noticed a glowing orange brain
    79 | Abyss:1  | Noticed a large abomination
    79 | Abyss:1  | Noticed a tentacled starspawn
   110 | Abyss:1  | Noticed a freezing wraith
   203 | Abyss:2  | Noticed a reaper
   206 | Abyss:2  | Noticed a large abomination
   217 | Abyss:2  | Noticed a hell hound
   217 | Abyss:2  | Noticed a small abomination
   227 | Abyss:2  | Noticed a small abomination
   227 | Abyss:2  | Noticed a small abomination
   232 | Abyss:2  | Noticed a ynoxinul
   238 | Abyss:2  | Noticed a small abomination
   260 | Abyss:2  | Noticed a small abomination
   267 | Abyss:2  | Noticed a chaos spawn
   366 | Abyss:2  | Noticed a hell hound
   368 | Abyss:2  | Noticed a quasit
   374 | Abyss:2  | Noticed a bone dragon
   374 | Abyss:2  | Noticed a large abomination
   392 | Abyss:2  | Noticed a smoke demon
   399 | Abyss:2  | Killed from afar by a smoke demon

Vault maps used:

Action                   || total
-------------------------++-------
  Use: Scroll            ||     2
Dodge: Dodged            ||     2

Table legend:
 A = Spawn XP
 B = Non-spawn XP
 C = Spawn XP percentage of total XP
 D = Spawn monster count
 E = Non-spawn monster count
 F = Spawn count percentage of total count
 G = Total turns spent on level
                    A         B        C        D         E        F      G
               +---------+---------+-------+---------+---------+-------+---------
         Total |       0 |       0 |   N/A |       0 |       0 |   N/A |   399
               +---------+---------+-------+---------+---------+-------+---------
               +---------+---------+-------+---------+---------+-------+---------
